 Dungeon Crawl Stone Soup version 0.18.1-50-g88ac8fd (webtiles) character file.

959 userone the Firebug (level 8, -1/58 HPs)
             Began as a Human Fire Elementalist on Feb 27, 2017.
             Was an Initiate of Ru.
             Slain by a sky beast (3 damage)
             ... on level 5 of the Dungeon on Mar 1, 2017.
             The game lasted 01:46:04 (7336 turns).

userone the Firebug (Human Fire Elementalist)       Turns: 7336, Time: 01:46:05

Health: -1/58      AC: 18    Str:  9    XL:     8   Next: 37%
Magic:  12/12      EV:  1    Int: 22    God:    Ru [......]
Gold:   197        SH:  0    Dex: 14    Spells: 4 memorised, 3 levels left

rFire  . . .     SeeInvis .     m - +1 hand axe (freeze)
rCold  . . .     Gourm    .     A - +2 plate armour
rNeg   . . .     Faith    .     (no shield)
rPois  .         Spirit   .     (no helmet)
rElec  .         Dismiss  .     g - +2 cloak
rCorr  .         Reflect  .     (no gloves)
SustAt .         Harm     .     (no boots)
MR     .....                    (no amulet)
Stlth  ..........               (no ring)
                                D - +2 ring of protection

@: brilliant, very slightly contaminated, not resistant to hostile enchantments,
extremely unstealthy
A: blurry vision 2, MP-powered wands
a: Renounce Religion


You were on level 5 of the Dungeon.
You worshipped Ru.
Ru was noncommittal.
You were not hungry.

You visited 1 branch of the dungeon, and saw 5 of its levels.

You collected 197 gold pieces.

Inventory:

Hand Weapons
 a - a +0 hunting sling
 c - a +0 short sword
 h - a +2 dagger of venom
 i - a cursed -3 whip
 k - a +0 long sword
 m - a +1 hand axe of freezing (weapon)
 v - a +0 rapier
 w - a +0 falchion
 x - a +0 falchion
Missiles
 e - 15 poisoned needles
 l - 6 needles of confusion
 n - 112 stones
 p - 72 sling bullets
 y - 36 bolts
 B - 3 tomahawks (quivered)
Armour
 f - a +0 shield
 g - a +2 cloak (worn)
 z - a +1 helmet
 A - a +2 plate armour (worn)
 E - a +0 chain mail
Jewellery
 D - a +2 ring of protection (left hand)
Scrolls
 d - 3 scrolls of remove curse
 j - a scroll of noise
 s - 2 scrolls of magic mapping
 u - a scroll of fear {unknown}
 F - a scroll of enchant weapon {unknown}
 G - 2 scrolls of recharging {unknown}
Potions
 q - 2 potions of resistance
Books
 b - a book of Flames

   Spells                             Type                      Level
   a - Flame Tongue                   Conjuration/Fire             1
   b - Throw Flame                    Conjuration/Fire             2
   c - Conjure Flame                  Conjuration/Fire             3
   d - Inner Flame                    Hexes/Fire                   3
   e - Sticky Flame                   Conjuration/Fire             4
   f - Fireball                       Conjuration/Fire             5
Comestibles
 o - a meat ration
 C - a bread ration


   Skills:
 * Level 3.2 Fighting
 - Level 3.1 Short Blades
 * Level 3.9 Throwing
 + Level 2.4 Armour
 + Level 3.1 Dodging
 + Level 2.0 Stealth
 - Level 0.4 Unarmed Combat
 + Level 3.2 Spellcasting
 * Level 2.8 Conjurations
 + Level 4.3 Fire Magic


You had 3 spell levels left.
You knew the following spells:

 Your Spells              Type           Power        Failure   Level  Hunger
a - Flame Tongue          Conj/Fire      ####.        97%         1    None
b - Throw Flame           Conj/Fire      ####..       99%         2    ##.....
c - Conjure Flame         Conj/Fire      ####....     99%         3    ###....
d - Sticky Flame          Conj/Fire      ####....     100%        4    ####...


Dungeon Overview and Level Annotations

Branches:
Dungeon (5/15)
 Temple: D:4-7

Altars:
Cheibriados
Ru

Annotations:
D:4 Eustachio


Innate Abilities, Weirdness & Mutations

Scrolls take you longer to read.
You expend magic power (3 MP) to strengthen your wands.


Message History

The phantom is lightly damaged.
The phantom hits you but does no damage.
The sky beast flickers out of sight!
Deactivating autopickup; reactivate with Ctrl-A.
Something hits you.
* * * LOW HITPOINT WARNING * * *
Something shocks you.
* * * LOW HITPOINT WARNING * * *
The phantom blinks!
Something hits you but does no damage.
The phantom hits you but does no damage.
It was a potion of brilliance.
You feel clever all of a sudden. Something hits you.
* * * LOW HITPOINT WARNING * * *
Something shocks you.
* * * LOW HITPOINT WARNING * * *
The phantom hits you but does no damage.
Really read with blurry vision while enemies are nearby?
Something hits you.
You die...

#.###..... #.##..#.#
#... #.##....# ...#
#.##§#.# ...# #......#
...# #......# ..W#
#.##.#W# ...# ###§##.#{#
.≈.######.Y....#@# .
....)†)§Y...##.#W##....
........W.#.#.#.........
.........###.###.##.....
...#.####.#.#.#.## ..Z.
...#.# ..# ..# ###
...#.# #.... .# ...#.#
#####.## ...#.# #


You could see 2 phantoms.

Vanquished Creatures
  Grinder (D:3)
  Sigmund (D:3)
  Blork the orc (D:4)
  A howler monkey (D:5)
  A hound (D:4)
  2 orc priests (D:4)
  An iguana (D:5)
  A giant frog skeleton (D:5)
  Ijyb (D:3)
  A worker ant (D:4)
  2 orc wizards
  Robin (D:4)
  13 adders
  A shadow imp (D:5)
  An ooze (D:1)
  An adder skeleton (D:4)
  3 worms (D:2)
  2 dart slugs
  2 giant geckos
  18 orcs
  4 giant cockroaches
  16 goblins
  7 hobgoblins
  2 jackals (D:5)
  3 quokkas
  2 ball pythons
  12 bats
  A giant gecko skeleton (D:4)
  2 giant newts (D:1)
  A jackal zombie (D:5)
  11 kobolds
  A quokka zombie (D:5)
  9 rats
126 creatures vanquished.

Notes
Turn   | Place    | Note
--------------------------------------------------------------
     0 | D:1      | userone the Human Fire Elementalist began the quest for the Orb.
     0 | D:1      | Reached XP level 1. HP: 13/13 MP: 3/3
   193 | D:1      | Reached XP level 2. HP: 13/20 MP: 0/5
   478 | D:1      | Learned a level 2 spell: Throw Flame
   556 | D:1      | Reached skill level 1 in Fighting
   792 | D:1      | Reached XP level 3. HP: 26/26 MP: 3/6
  1679 | D:2      | Reached skill level 1 in Short Blades
  1679 | D:2      | Reached XP level 4. HP: 24/32 MP: 2/7
  2139 | D:2      | Learned a level 3 spell: Conjure Flame
  2418 | D:2      | Reached skill level 1 in Throwing
  2742 | D:3      | Reached XP level 5. HP: 28/38 MP: 4/8
  3385 | D:3      | Noticed Ijyb
  3403 | D:3      | Killed Ijyb
  3562 | D:3      | Reached XP level 6. HP: 44/44 MP: 7/9
  3563 | D:3      | Noticed Sigmund
  3569 | D:3      | Found a snail-covered altar of Cheibriados.
  3579 | D:3      | Killed Sigmund
  3579 | D:3      | Reached skill level 1 in Armour
  3877 | D:3      | Noticed Grinder
  3894 | D:3      | Paralysed by Grinder for 7 turns
  3922 | D:3      | Killed Grinder
  3922 | D:3      | Reached XP level 7. HP: 17/51 MP: 3/11
  3936 | D:3      | Gained mutation: You expend magic power (3 MP) to strengthen your wands. [mutagenic glow]
  4333 | D:4      | Noticed Blork the orc
  4353 | D:4      | Gained mutation: Scrolls take you a little longer to read. [mutagenic glow]
  4354 | D:4      | Killed Blork the orc
  4394 | D:4      | Noticed Robin
  4403 | D:4      | Killed Robin
  4827 | D:4      | Reached skill level 4 in Fire Magic
  4872 | D:4      | HP: 2/52 [orc priest/divine providence (13)]
  4879 | D:5      | Entered Level 5 of the Dungeon
  5340 | D:3      | Reached XP level 8. HP: 24/58 MP: 10/12
  6074 | D:4      | Noticed Eustachio
  6162 | D:5      | Gained mutation: Scrolls take you longer to read. [mutagenic glow]
  6322 | D:5      | Learned a level 4 spell: Sticky Flame
  6809 | D:4      | Found a sacrificial altar of Ru.
  6818 | D:4      | Became a worshipper of Ru the Awakened
  7335 | D:5      | HP: 2/58 [something (5)]
  7336 | D:5      | Slain by a sky beast

Skill      XL: |  1  2  3  4  5  6  7  8 |
---------------+-------------------------+-----
Fighting       | 1 2 3 |  3.2
Short Blades   | 1 2 3 |  3.1
Throwing       | 1 2 3 |  3.9
Armour         | 1 2 |  2.4
Dodging        | 3 |  3.1
Conjurations   | 2 |  2.8
Spellcasting   | 3 |  3.2
Fire Magic     | 4 |  4.3
Stealth        | |  2.0
Unarmed Combat | |  0.4

Action                   |  1- 3 |  4- 6 |  7- 9 || total
-------------------------+-------+-------+-------++-------
Melee: Unarmed           |     7 |       |       ||     7
       Club              |     7 |       |       ||     7
       Dagger            |    27 |    75 |   150 ||   252
       Short sword       |    12 |    10 |       ||    22
       Hand axe          |       |       |   122 ||   122
 Fire: Hunting sling     |       |       |     2 ||     2
Throw: Stone             |    19 |     5 |     2 ||    26
       Tomahawk          |     3 |    36 |    42 ||    81
 Cast: Flame Tongue      |    39 |    33 |       ||    72
       Throw Flame       |     3 |     4 |       ||     7
  Use: Scroll            |     1 |     5 |     3 ||     9
       Potion            |     1 |     4 |     5 ||    10
 Stab: Sleeping          |       |     1 |       ||     1
  Eat: Bread ration      |     1 |       |     2 ||     3
       Meat ration       |       |     2 |       ||     2
       Beef jerky        |       |     1 |     1 ||     2
Armor: Robe              |     5 |       |       ||     5
       Leather armour    |    34 |    26 |       ||    60
       Chain mail        |       |    11 |       ||    11
       Plate armour      |       |    12 |   354 ||   366
Dodge: Dodged            |    70 |    58 |    32 ||   160
